 Dungeon Crawl Stone Soup version 0.29.0-15-g675c0067aa (webtiles) character file.

Game seed: 17045406920408585518

148 Goaboa the Stinger (level 5, -1/33 HPs)
             Began as an Octopode Venom Mage on Sept 11, 2022.
             Was a Believer of Lugonu.
             Slain by a bullfrog (2 damage)
             ... on level 3 of the Dungeon on Sept 12, 2022.
             The game lasted 00:36:08 (3167 turns).

Goaboa the Stinger (Octopode Venom Mage)            Turns: 3167, Time: 00:36:09

Health: -1/33      AC:  1    Str:  7    XL:     5   Next: 30%
Magic:  3/8        EV: 13    Int: 18    God:    Lugonu [**....]
Gold:   40         SH:  0    Dex: 14    Spells: 6/9 levels left

rFire   . . .      SeeInvis +   f - +0 dagger
rCold   . . .      Faith    .   (no shield)
rNeg    . . .      Spirit   .   (helmet restricted)
rPois   .          Reflect  .   (no amulet)
rElec   .          Harm     .   o - ring of see invisible
rCorr   .          Rampage  .   (no ring)
Will    .....                   (no ring)
Stlth   ++++......              (no ring)
HPRegen 0.11/turn               (no ring)
MPRegen 0.11/turn               (no ring)
                                (no ring)
                                (no ring)

@: no status effects
A: almost no armour, amphibious, 8 rings, camouflage 1, gelatinous body 1,
(nimble swimmer 1), tentacles, inability to drink after injury 1
a: Renounce Religion, Depart the Abyss, Bend Space


You were on level 3 of the Dungeon.
You worshipped Lugonu.
Lugonu was pleased with you.
You visited 1 branch of the dungeon, and saw 3 of its levels.

You collected 40 gold pieces.

Inventory:

Hand Weapons
 f - a +0 dagger (weapon)
Missiles
 g - 9 poisoned darts
Magical Staves
 q - a staff of death
Jewellery
 o - a ring of see invisible (left tentacle)
Scrolls
 d - a scroll of magic mapping
 h - a scroll of vulnerability
 j - a scroll of enchant weapon
 m - a scroll of amnesia
 n - a scroll of silence
 p - a scroll of teleportation {unknown}
Potions
 a - a potion of magic
 e - a potion of resistance {unknown}
 i - a potion of cancellation {unknown}
 k - 2 potions of curing {unknown}
 r - a potion of berserk rage {unknown}


   Skills:
 + Level 1.5 Fighting
 + Level 2.7 Dodging
 + Level 4.0 Stealth
 + Level 1.5 Unarmed Combat
 + Level 2.6 Spellcasting
 - Level 1.0 Transmutations
 * Level 4.5 Poison Magic


You had 6 spell levels left.
You knew the following spells:

 Your Spells              Type           Power      Damage    Failure   Level
a - Sting                 Tmut/Pois      48%        1d5       5%          1
b - Poisonous Vapours     Pois/Air       20%        N/A       10%         2

Your spell library contained the following spells:

 Spells                   Type           Power      Damage    Failure   Level
 Sandblast                Erth           4%         2d4       17%         1
 Passwall                 Tmut/Erth      3%         N/A       22%         2
 Mephitic Cloud           Conj/Pois/Air  7%         N/A       26%         3
 Olgreb's Toxic Radiance  Pois           18%        N/A       26%         4
 Stone Arrow              Conj/Erth      4%         3d7       45%         3
 Alistair's Intoxication  Tmut/Pois      8%         N/A       83%         5
 Borgnjor's Vile Clutch   Necr/Erth      1%         N/A       99%         5
 Eringya's Noxious Bog    Tmut/Pois      6%         N/A       100%        6


Dungeon Overview and Level Annotations

Branches:
Dungeon (3/15)

Altars:
Lugonu


Innate Abilities, Weirdness & Mutations

You cannot wear most types of armour.
You are amphibious.
You can wear up to eight rings at the same time.
Your skin changes colour to match your surroundings (Stealth+).
Your rubbery body absorbs attacks. (AC +1, EV +1)
((You are camouflaged when in or above water. (Stealth+)))
You have tentacles for arms and can constrict up to eight enemies at once.
You occasionally lose the ability to drink potions when taking damage.


Message History

Press: ? - help, Dir - move target, f - ogre
Aim: an ogre, wielding a +0 giant club You miscast Poisonous Vapours.
You are very lightly contaminated with residual magic.
Nothing appears to happen.
The hobgoblin closely misses you.
Casting: Poisonous Vapours (safe; 10% risk of failure)
Confirm with . or Enter, or press ? or * to list all spells.
Aiming: Poisonous Vapours (safe; 10% risk of failure)
Press: ? - help, Dir - move target, f/p - ogre
Aim: an ogre, wielding a +0 giant club You miscast Poisonous Vapours.
Nothing appears to happen.
The hobgoblin hits you.
Casting: Poisonous Vapours (safe; 10% risk of failure)
Confirm with . or Enter, or press ? or * to list all spells.
Aiming: Poisonous Vapours (safe; 10% risk of failure)
Press: ? - help, Dir - move target, f/p - ogre
Aim: an ogre, wielding a +0 giant club Poisonous vapours surround the ogre!
The ogre is poisoned.
The hobgoblin hits you.
Blink to where?
Press: ? - help, Dir - move target, p - ogre
As you read the scroll of blinking, it crumbles to dust.
The ogre looks more healthy.
A goblin comes into view. It is wielding a +0 club.
The bullfrog attacks as you move away! The bullfrog barely misses you.
The bullfrog hits you. The bullfrog attacks as you move away!
The bullfrog hits you! The bullfrog hits you.
* * * LOW HITPOINT WARNING * * *
Your magical contamination has completely faded away.
The bullfrog barely misses you.
It was a potion of mutation.
You feel extremely strange.
You occasionally lose the ability to drink potions when taking damage.
You feel robust.
You feel frail. The bullfrog hits you.
* * * LOW HITPOINT WARNING * * *
Space bends violently around you!
You blink.
Okay, then.
The bullfrog attacks as you move away! The bullfrog hits you.
You die...

###..... #.# ## ###.###
#.# .. ..# #.# .# ##
##.### .# #....# .##
#....# ..## ###....####
...###########.........#
##........g....F@......#
###......####......<..#
##.#.......g.....####
+.##########....# ##.#
#....# ###..# #...##
##...## #...# ..g###
..... ....# ..#


You could see a bullfrog, a hobgoblin and a goblin (wandering).

Vanquished Creatures
  A scorpion (D:3)
  A gnoll (D:2)
  2 adders (D:2)
  A worm (D:2)
  2 dart slugs
  3 ball pythons
  7 endoplasms
  3 giant cockroaches
  6 goblins
  6 hobgoblins
  3 jackals (D:1)
  A quokka (D:1)
  5 bats
  4 frilled lizards
  2 kobolds (D:3)
  4 rats
51 creatures vanquished.

Vanquished Creatures (others)
  3 demonic plants (D:2)
  5 fungi (D:2)
  5 plants (D:2)
  3 withered plants (D:2)
16 creatures vanquished.

Grand Total: 67 creatures vanquished

Notes
Turn   | Place    | Note
-------+----------+-------------------------------------------
     0 | D:1      | Goaboa the Octopode Venom Mage began the quest for the Orb.
     0 | D:1      | Reached XP level 1. HP: 11/11 MP: 3/3
   300 | D:1      | Reached XP level 2. HP: 18/18 MP: 5/5
   655 | D:1      | Learned a level 2 spell: Poisonous Vapours
  1081 | D:2      | Reached XP level 3. HP: 21/22 MP: 1/6
  1212 | D:2      | Found a faded altar of an unknown god.
  1223 | D:2      | Prayed at the altar of an unknown god.
  1223 | D:2      | Became a worshipper of Lugonu the Unformed
  1223 | D:2      | Reached * piety under Lugonu
  1223 | D:2      | Reached ** piety under Lugonu
  1311 | D:2      | Reached skill level 1 in Fighting
  1978 | D:2      | Reached skill level 1 in Unarmed Combat
  2199 | D:2      | Reached XP level 4. HP: 7/28 MP: 3/7
  2955 | D:3      | Noticed a scorpion
  2955 | D:3      | Noticed an ogre
  2955 | D:3      | Noticed a bullfrog
  2979 | D:3      | Killed a scorpion
  2980 | D:3      | Reached XP level 5. HP: 28/33 MP: 2/8
  3091 | D:3      | Identified the +0 robe "Luqeaj" {Slay+3}
  3163 | D:3      | Gained mutation: You occasionally lose the ability to drink
                  | potions when taking damage. [potion of mutation]
  3163 | D:3      | Gained mutation: You are robust. (+10% HP) [potion of
                  | mutation]
  3163 | D:3      | Lost mutation: You are robust. (+10% HP) [potion of
                  | mutation]
  3167 | D:3      | Slain by a bullfrog

Illustrated notes

Levels and vault maps discovered:
D:1:      lightli_iron_boxes, layout_basic, solitary_fountain
D:2:      layout_loops_ring, shapermc_ecumenical_altar_gd, amethyst_killhole,
          hangedman_abyss_or_decor_stabs, nicolae_eternal_life,
          chequers_serial_rivers_large_a
D:3:      layout_loops_ring, cheibrodos_sewer_entry_drain,
          minmay_divided_ellipse

Skill      XL: |  1  2  3  4 |
---------------+-------------+-----
Stealth        | 3 4 |  4.0
Fighting       | 1 |  1.5
Unarmed Combat | 1 |  1.5
Poison Magic   | 4 |  4.5
Dodging        | |  2.7
Spellcasting   | |  2.6
Transmutations | |  1.0

Action                   |  1- 3 |  4- 6 || total
-------------------------+-------+-------++-------
Melee: Unarmed           |    14 |       ||    14
       Constrict         |    17 |     4 ||    21
       Tentacles         |     6 |     1 ||     7
       Dagger            |    30 |    31 ||    61
       Punch             |       |     1 ||     1
 Cast: Sting             |    30 |     1 ||    31
       Poisonous Vapours |     6 |     5 ||    11
Invok: Bend Space        |     1 |     1 ||     2
  Use: Scroll            |       |     7 ||     7
       Potion            |       |     1 ||     1
 Stab: Sleeping          |     5 |    10 ||    15
Armor: Skin              |     4 |     2 ||     6
Dodge: Dodged            |    32 |    23 ||    55
